 Dungeon Crawl Stone Soup version 0.30-a0-862-g1aabd4f9c5 (webtiles) character file.

Game seed: 10955006149781817545

4328 joebusybody the Skirmisher (level 10, -15/63 HPs)
             Began as a Gargoyle Hunter on Mar 10, 2023.
             Was an Initiate of Ru.
             Killed from afar by an acid dragon (27 damage)
             ... with a splash of acid
             ... on level 8 of the Dungeon.
             The game lasted 01:08:11 (8584 turns).

joebusybody the Skirmisher (Gargoyle Hunter)        Turns: 8584, Time: 01:08:12

Health: -15/63     AC: 16    Str: 17    XL:     10   Next: 33%
Magic:  0/10       EV:  8    Int: 10    God:    Ru [......]
Gold:   225        SH:  0    Dex: 15    Spells: 9/9 levels left

rFire   . . .      SeeInvis .    a - +1 shortbow
rCold   . . .      Faith    .    (shield currently unavailable)
rNeg    + . .      Spirit   +    v - +3 chain mail
rPois   ∞          Reflect  .    (no helmet)
rElec   +          Rampage  .    m - +0 cloak
rCorr   .                        B - +1 pair of gloves {hurl}
Will    +....                    o - +0 pair of boots Stlth
                                 f - amulet of guardian spirit
HPRegen 0.30/turn                (no ring)
MPRegen 0.12/turn                (no ring)

@: corroded, flying
A: sickness immunity, AC +7, negative energy resistance 1, electricity
resistance, torment resistance 1, petrification resistance, big wings,
strong-willed 1
a: Renounce Religion, Sacrifice Essence, Sacrifice Nimbleness, Sacrifice
Courage, Reject Sacrifices


You were on level 8 of the Dungeon.
You worshipped Ru.
Ru was noncommittal.
You visited 2 branches of the dungeon, and saw 9 of its levels.

You collected 505 gold pieces.
You spent 280 gold pieces at shops.

Inventory:

Hand Weapons
 a - a +1 shortbow (weapon)
 d - a +1 trident of freezing
 i - a +3 hand axe
 l - a +2 quarterstaff of chaos
 n - a +4 hand axe
 t - the +4 falchion of Lusting Anguish {holy, Will+}
   (You found it on level 4 of the Dungeon)

   Will:      It increases your willpower.
 z - a +1 vampiric dagger
 C - a +4 short sword
 D - a +5 hand axe
Missiles
 s - 5 boomerangs
 w - 13 poisoned darts
 E - a curare-tipped dart
Armour
 c - the +0 leather armour of Winuthri {Dex+6}
   (You found it on level 3 of the Dungeon)

   Dex:       It affects your dexterity (+6).
 m - a +0 cloak (worn)
 o - a +0 pair of boots (worn)
 v - a +3 chain mail (worn)
 B - a +1 pair of gloves of hurling (worn)
Jewellery
 f - an amulet of guardian spirit (around neck)
Wands
 u - a wand of flame (8)
 x - a wand of roots (2)
 y - a wand of digging (7)
Scrolls
 b - a scroll of immolation
 p - a scroll of fear
 r - 9 scrolls of teleportation
 F - a scroll of magic mapping
 G - a scroll of silence
Potions
 g - a potion of lignification
 h - a potion of mutation
 j - 4 potions of magic
 k - 3 potions of might
 q - 2 potions of haste
 A - a potion of brilliance {unknown}
 H - a potion of curing {unknown}


   Skills:
 + Level 7.0 Fighting
 + Level 12.2 Ranged Weapons
 + Level 5.0 Armour
 + Level 3.5 Dodging
 + Level 2.3 Stealth
 + Level 1.4 Evocations


You had 9 spell levels left.
You didn't know any spells.
Your spell library contained the following spells:

 Spells                   Type           Power      Damage    Failure   Level
 Sting                    Tmut/Pois      0%         1d3       99%         1
 Summon Small Mammal      Summ           0%         N/A       99%         1
 Poisonous Vapours        Pois/Air       0%         N/A       100%        2
 Call Canine Familiar     Summ           0%         N/A       100%        3
 Summon Guardian Golem    Hex/Summ       0%         N/A       100%        3
 Olgreb's Toxic Radiance  Pois           0%         N/A       100%        4
 Petrify                  Tmut/Erth      0%         N/A       100%        4
 Irradiate                Conj/Tmut      0%         3d11      100%        5
 Sublimation of Blood     Necr           Unusable   N/A       N/A         2

Dungeon Overview and Level Annotations

Branches:
Dungeon (8/15)             Temple (1/1) D:5
   Lair: D:8-11

Altars:
Cheibriados
Dithmenos
Fedhas
Gozag
Hepliaklqana
Kikubaaqudgha
Okawaru
Qazlal
Ru
Trog
Uskayaw
Wu Jian
Xom
Yredelemnul
Zin

Shops:
D:1 !   D:2 ?   D:3 (   D:6 [(

Annotations:
D:5 3 runed translucent doors, monoptic's ghost, amateur MiFi
D:8 Maggie


Innate Abilities, Weirdness & Mutations

You are immune to sickness and miasma.
Your stone body is resilient. (AC +7)
You are immune to poison.
You resist negative energy. (rN+)
You are resistant to electric shocks. (rElec)
You are resistant to unholy torment.
You are immune to petrification.
Your large and strong wings let you fly.
You are strong-willed. (Will+)


Message History

The acid dragon is heavily wounded.
The acid dragon bites you but does no damage.
The acid dragon claws you but does no damage.
Maggie opens the door.
You shoot an arrow. The arrow hits the acid dragon.
The acid dragon is severely wounded.
Maggie casts a spell at you. The bolt of fire hits you!
* * * LOW HITPOINT WARNING * * *
A shadow imp comes into view.
The acid dragon barely misses you.
The acid dragon claws you but does no damage.
The acid dragon spits acid at you.
The splash of acid hits you but does no damage.
The acid corrodes you!
The shadow imp shouts!
You feel much better. The acid dragon bites you.
The acid dragon claws you but does no damage.
You shoot an arrow.
The arrow closely misses the acid dragon.
The acid dragon bites you but does no damage.
The acid dragon barely misses you.
Maggie hits you from afar with the +9 lance "Wyrmbane" {slay drac, rPois rF+ rC+ AC+3}!
The shadow imp gestures at you.
You easily resist.
The acid dragon closely misses you.
The acid dragon claws you but does no damage.
Maggie casts a spell at you. The bolt of fire misses you.
You shoot an arrow. The arrow barely misses Maggie.
The acid dragon bites you. The acid dragon claws you. Maggie barely misses you.
You shoot an arrow.
The arrow hits Maggie but does no damage.
Maggie hits you with the +9 lance "Wyrmbane" {slay drac, rPois rF+ rC+ AC+3}!
* * * LOW HITPOINT WARNING * * *
The acid dragon barely misses you.
The acid dragon claws you but does no damage.
The acid dragon spits acid at you. The splash of acid hits you!!
You die...

#.... #...# ##....##...+
...........# . #.........#
.. # ##.........# ... #
...........# .... #
......5....#....# #
...........'....# #
......##.@@#....#... #
......##D..#....#..###+###
###
##.........#....#..#......
#.#
#.........#....#..#......
..#
...........#....#..#......
..# .
.........#....#..#......
..#
.........#....#..#....##
..# #
.........#....'.))....#.
..##...#
.........#....#..#)...'.


You could see Maggie, an acid dragon (catching breath) and a shadow imp.

Vanquished Creatures
  Pikel (D:5)
  A hornet (D:7)
  Prince Ribbit (D:5)
  Grinder (D:6)
  Sigmund (D:2)
  3 yaks (D:7)
  A water moccasin (D:6)
  An orc warrior (D:7)
  An ice beast (D:6)
  A sky beast (D:7)
  A black bear (D:7)
  4 ogres
  A lemure (D:5)
  3 kobold brigands
  2 bullfrogs
  A gnoll sergeant (D:8)
  3 scorpions
  8 wights
  The ghost of luigi the Shooter, a weakling DsHu (D:3)
  A jelly (D:3)
  A howler monkey (D:6)
  3 hounds
  A gnoll bouda (D:7)
  A sleepcap (D:6)
  3 orc priests
  Crazy Yiuf (D:2)
  Ijyb (D:3)
  Terence (D:3)
  Jessica (D:3)
  5 iguanas
  4 orc wizards
  3 adders
  9 gnolls
  2 white imps
  A dart slug (D:2)
  28 orcs
  5 bats
  4 endoplasms
  4 giant cockroaches
  5 goblins
  3 hobgoblins
  3 quokkas
  9 ball pythons
  5 frilled lizards
  13 kobolds
  3 rats
  A butterfly (D:7)
157 creatures vanquished.

Vanquished Creatures (others)
  A withered plant (D:5)
1 creature vanquished.

Grand Total: 158 creatures vanquished

Notes
Turn   | Place    | Note
-------+----------+-------------------------------------------
     0 | D:1      | joebusybody the Gargoyle Hunter began the quest for the
                  | Orb.
     0 | D:1      | Reached XP level 1. HP: 12/12 MP: 1/1
   157 | D:2      | Reached XP level 2. HP: 17/17 MP: 2/2
   591 | D:1      | Found Ojeoruj's Distillery.
   724 | D:2      | Found a blossoming altar of Fedhas.
  1007 | D:2      | Found Fiedyheu's Magic Scroll Boutique.
  1019 | D:2      | Reached XP level 3. HP: 21/21 MP: 3/3
  1028 | D:2      | Bought a scroll of identify for 20 gold pieces
  1028 | D:2      | Bought a scroll of identify for 20 gold pieces
  1057 | D:2      | Gained mutation: You are strong-willed. (Will+) [potion of
                  | mutation]
  1057 | D:2      | Gained mutation: Your large and strong wings let you fly.
                  | [potion of mutation]
  1373 | D:2      | Noticed Sigmund
  1388 | D:2      | Killed Sigmund
  1389 | D:2      | Reached skill level 6 in Ranged Weapons
  1389 | D:2      | Reached skill level 1 in Armour
  1389 | D:2      | Reached XP level 4. HP: 8/27 MP: 4/4
  1389 | D:2      | Reached XP level 5. HP: 9/32 MP: 5/5
  1570 | D:2      | Found a runed translucent door.
  1571 | D:2      | Noticed Crazy Yiuf
  1582 | D:2      | Killed Crazy Yiuf
  1583 | D:2      | Reached XP level 6. HP: 26/37 MP: 3/6
  2197 | D:3      | Found Kinkylaof's Antique Weapon Boutique.
  2220 | D:3      | Noticed Jessica
  2221 | D:3      | Killed Jessica
  2254 | D:3      | Identified the +0 leather armour of Winuthri {Dex+6}
  2447 | D:4      | Reached skill level 7 in Ranged Weapons
  2447 | D:4      | Reached XP level 7. HP: 35/42 MP: 4/7
  2473 | D:5      | Entered Level 5 of the Dungeon
  2549 | D:3      | Found a runed translucent door.
  2552 | D:3      | Noticed luigi's ghost (weakling DsHu)
  2560 | D:3      | Killed luigi's ghost
  2933 | D:3      | Noticed Terence
  2943 | D:3      | Killed Terence
  3047 | D:3      | Noticed Ijyb
  3074 | D:3      | Killed Ijyb
  3493 | D:4      | Reached skill level 8 in Ranged Weapons
  3506 | D:4      | Identified the +4 falchion of Lusting Anguish {holy, Will+}
  4171 | D:5      | Reached XP level 8. HP: 48/48 MP: 8/8
  4220 | D:5      | Found a runed translucent gate.
  4220 | D:5      | Found a runed translucent gate.
  4220 | D:5      | Found a runed translucent gate.
  4399 | D:5      | Found an ancient bone altar of Kikubaaqudgha.
  4400 | D:5      | Found a blossoming altar of Fedhas.
  4559 | D:5      | Found a staircase to the Ecumenical Temple.
  4560 | D:5      | Noticed Pikel
  4586 | D:5      | Killed Pikel
  4587 | D:5      | Reached skill level 5 in Fighting
  4587 | D:5      | Reached skill level 9 in Ranged Weapons
  4737 | Temple   | Entered the Ecumenical Temple
  4806 | Temple   | Became a worshipper of Ru the Awakened
  4920 | D:5      | Noticed Prince Ribbit
  4927 | D:5      | Killed Prince Ribbit
  4928 | D:5      | Reached XP level 9. HP: 47/54 MP: 7/9
  5087 | D:6      | Reached skill level 10 in Ranged Weapons
  5098 | D:6      | Found Firin's Antique Armour Boutique.
  5108 | D:6      | Bought a pair of glowing gloves for 240 gold pieces
  5375 | D:5      | Noticed monoptic's ghost (amateur MiFi)
  5835 | D:6      | Found a hide-covered altar of Uskayaw.
  6482 | D:6      | Found an opulent altar of Gozag.
  6485 | D:6      | Found a basalt altar of Yredelemnul.
  6488 | D:6      | Found a shadowy altar of Dithmenos.
  6495 | D:6      | Found an iron altar of Okawaru.
  6657 | D:7      | Found a stormy altar of Qazlal.
  6715 | D:6      | Found Motiese's Antique Weapon Emporium.
  6725 | D:6      | Reached skill level 11 in Ranged Weapons
  6762 | D:6      | Noticed Grinder
  6765 | D:6      | Paralysed by Grinder for 2 turns
  6791 | D:6      | Killed Grinder
  7085 | D:7      | Reached XP level 10. HP: 20/61 MP: 4/10
  7396 | D:7      | Reached skill level 12 in Ranged Weapons
  7854 | D:7      | Found a hazy altar of Hepliaklqana.
  7890 | D:7      | Reached skill level 1 in Evocations
  8220 | D:7      | Reached skill level 5 in Armour
  8305 | D:7      | Found a shimmering altar of Xom.
  8579 | D:8      | Noticed Maggie
  8584 | D:8      | Killed from afar by an acid dragon

Illustrated notes

Levels and vault maps discovered:
D:1:      dpeg_arrival_arbitrary_a, layout_basic, serial_shops, shop,
          chequers_avenue
D:2:      layout_basic, serial_shops, nicolae_diamond_shop, basic_altar,
          grunt_decor_arrowhead, uniq_sigmund, uniq_crazy_yiuf_cottage
D:3:      layout_loops_corners, serial_shops, nicolae_shop_hallway_plus,
          gammafunk_ghost_grave, chequers_decorated_corner, uniq_terence,
          uniq_jessica, uniq_ijyb
D:4:      layout_basic
D:5:      layout_loops_corners, grunt_temple_overflow_growth_and_decay,
          minmay_temple_entry_statues_pillars, gammafunk_ghost_icy,
          uniq_prince_ribbit1, uniq_pikel
D:6:      layout_gridville, nicolae_uskayaw_dance_hall,
          grunt_temple_overflow_cloverleaf, serial_shops, shop, shop,
          uniq_grinder
D:7:      layout_loops_ring, pf_just_have_faith, xom_butterflies,
          nicolae_qazlal_scattered_showers, hangedman_abyss_or_decor_passed,
          kennysheep_path_1
D:8:      layout_gridville, makhleb_altar_promises_db,
          ebering_ghost_reflecting_pool, dk_rats_in_the_wall, uniq_joseph,
          uniq_maggie
Temple:   hellmonk_temple_flake

Skill      XL: |  1  2  3  4  5  6  7  8  9 10 |
---------------+-------------------------------+-----
Ranged Weapons | 6 7 8 9 11 12 | 12.2
Armour         | 1 2 3 4 5 |  5.0
Dodging        | 2 3 |  3.5
Fighting       | 3 4 5 6 7 |  7.0
Stealth        | 2 |  2.3
Evocations     | 1 |  1.4

Action                     |  1- 3 |  4- 6 |  7- 9 | 10-12 || total
---------------------------+-------+-------+-------+-------++-------
  Melee: Shortbow          |       |       |     2 |       ||     2
   Fire: Shortbow          |    82 |    61 |   390 |   202 ||   735
  Evoke: Wand              |       |       |     6 |     3 ||     9
    Use: Scroll            |     3 |     4 |     8 |       ||    15
         Potion            |     2 |       |     1 |     4 ||     7
 Armour: Leather armour    |    13 |    10 |    87 |       ||   110
         Ring mail         |       |    14 |       |       ||    14
         Chain mail        |       |       |    12 |   186 ||   198
  Dodge: Dodged            |    26 |    32 |   123 |   106 ||   287

Table legend: (Time is in decaauts)
 A = Elapsed time spent in this place.
 B = Non-inter-level travel time spent in this place.
 C = Inter-level travel time spent in this place.
 D = Time resting spent in this place.
 E = Time spent auto-exploring this place.
 F = Levels seen in this place.
 G = Mean time per level.
                   A        B        C        D        E       F      G
               +--------+--------+--------+--------+--------+-----+--------+
         Total |   8702 |   7983 |    719 |    969 |   4697 |   9 |  966.9 |
       Dungeon |   8609 |   7929 |    680 |    969 |   4652 |   8 | 1076.1 |
        Temple |     92 |     53 |     39 |      0 |     45 |   1 |   92.0 |
               +--------+--------+--------+--------+--------+-----+--------+

Top non-repeatable levels by time:
     D:5: 1442 daAuts
     D:7: 1428 daAuts
     D:6: 1339 daAuts
     D:3: 1192 daAuts
     D:2: 994 daAuts
     D:4: 960 daAuts
     D:1: 943 daAuts
     D:8: 308 daAuts
  Temple: 92 daAuts
